 Dungeon Crawl Stone Soup version 0.29-a0-1043-g569b05d6ff (webtiles) character file.

Game seed: 1179644177713352786

671 SensoryNuts the Covered (level 7, -1/54 HPs)
             Began as a Demonspawn Fighter on Aug 15, 2022.
             Was an Initiate of Hepliaklqana.
             Slain by an ogre
             ... wielding a +0 giant spiked club
              (13 damage)
             ... on level 5 of the Dungeon.
             The game lasted 00:06:21 (5164 turns).

SensoryNuts the Covered (Demonspawn Fighter)        Turns: 5164, Time: 00:06:22

Health: -1/54      AC: 11    Str: 18    XL:     7   Next: 32%
Magic:  7/7        EV:  7    Int: 10    God:    Hepliaklqana [......]
Gold:   111        SH:  4    Dex: 12    Spells: 6/6 levels left

rFire   . . .      SeeInvis .   a - +0 long sword
rCold   + . .      Faith    .   c - +0 buckler
rNeg    . . .      Spirit   .   f - +1 chain mail "Pyf Atoho" {rC+ Stlth+}
rPois   .          Reflect  .   (helmet restricted)
rElec   .          Harm     .   (no cloak)
rCorr   .          Rampage  .   p - +0 pair of gloves
Will    .....                   (no boots)
Stlth   ..........              (no amulet)
HPRegen 0.18/turn               (no ring)
MPRegen 0.10/turn               (no ring)

@: flying
A: antennae 2, powered by death 1, weakness stinger 2, demonic touch 1
a: Renounce Religion


You were on level 5 of the Dungeon.
You worshipped Hepliaklqana.
Hepliaklqana was noncommittal.
You visited 2 branches of the dungeon, and saw 6 of its levels.

You collected 160 gold pieces.
You spent 49 gold pieces at shops.

Inventory:

Hand Weapons
 a - a +0 long sword (weapon)
Armour
 c - a +0 buckler (worn)
 d - the +1 helmet of the Slug {rElec rF+}
   (You found it on level 3 of the Dungeon)

   rF:        It protects you from fire.
   rElec:     It insulates you from electricity.
 f - the +1 chain mail "Pyf Atoho" (worn) {rC+ Stlth+}
   (You acquired it on level 3 of the Dungeon)

   rC:        It protects you from cold.
   Stlth:     It makes you more stealthy.
 p - a +0 pair of gloves (worn)
Wands
 h - a wand of roots (6)
Scrolls
 g - a scroll of poison
 i - a scroll of silence
Potions
 l - a potion of curing


   Skills:
 + Level 4.1 Fighting
 + Level 4.7 Long Blades
 + Level 4.8 Armour
 + Level 1.4 Dodging
 + Level 0.4 Stealth
 + Level 3.6 Shields


You had 6 spell levels left.
You didn't know any spells.
Your spell library was empty.

Dungeon Overview and Level Annotations

Branches:
Dungeon (5/15)             Temple (1/1) D:4

Altars:
Cheibriados
Dithmenos
Hepliaklqana
Qazlal
Ru
Uskayaw
Vehumet
Wu Jian
Xom

Shops:
D:1 ?   D:4 *


Innate Abilities, Weirdness & Mutations

You have a pair of antennae on your head.
You regenerate a little health from kills.
You have a tail ending in a sharp stinger.
Your touch may inflict minor irresistible damage on your foes.


Message History

The centaur shoots an arrow.
You block the arrow.
There are monsters nearby!
The centaur shoots an arrow.
The arrow hits you but does no damage.
Okay, then.
Okay, then.
You barely miss the centaur.
The centaur unwields a +0 shortbow.
The centaur hits you but does no damage.
The centaur barely misses you.
The centaur hits you but does no damage.
The centaur kicks you but does no damage.
You barely miss the centaur. The centaur barely misses you.
The centaur kicks you.
You hit the centaur.
The centaur is lightly wounded.
You block the centaur's attack. The centaur barely misses you.
You block the centaur's attack. The centaur barely misses you.
The ogre barely misses you.
You closely miss the centaur.
The centaur is lightly wounded.
The centaur hits you.
The centaur kicks you but does no damage.
The centaur hits you but does no damage.
The centaur kicks you but does no damage.
The ogre hits you with a +0 giant spiked club!!
Ouch! That really hurt!
* * * LOW HITPOINT WARNING * * *
The centaur attacks as you move away! The centaur barely misses you.
The centaur kicks you.
* * * LOW HITPOINT WARNING * * *
The centaur wields a +0 shortbow.
The centaur shoots an arrow.
The arrow hits you but does no damage.
The centaur shoots an arrow.
The arrow closely misses you.
The centaur shoots an arrow.
The arrow closely misses you.
You feel very buoyant.
You fly up into the air.
The centaur shoots an arrow.
The arrow closely misses you.
Found a runed cloak.
The ogre attacks as you move away!
The ogre hits you with a +0 giant spiked club!
You die...

##.. .. .#.#. .# #.....#
.# . #.#...# .# #..
###.#...##.# ..
...........#.#
...........# #.#
#..##@..###. #.#
#.c.O.....[.. #.#
##.##...###.. #.#
##.##...### #######.#
#c........ #....##.#
#.###...###
##.#.##.####.####.##
#<.#.##...........######
#...................:...


You could see an ogre and a centaur.

Vanquished Creatures
  Sigmund (D:3)
  A water moccasin (D:4)
  An ice beast (D:5)
  A phantom (D:3)
  A necrophage (D:5)
  A hound (D:4)
  An orc wizard (D:4)
  3 gnolls (D:3)
  5 adders
  An ufetubus (D:4)
  A worm (D:2)
  2 orcs (D:4)
  4 ball pythons
  2 endoplasms (D:4)
  13 goblins
  6 hobgoblins
  3 quokkas
  4 bats
  A frilled lizard (D:2)
  A kobold (D:4)
  5 rats
58 creatures vanquished.

Notes
Turn   | Place    | Note
-------+----------+-------------------------------------------
     0 | D:1      | SensoryNuts the Demonspawn Fighter began the quest for the
                  | Orb.
     0 | D:1      | Reached XP level 1. HP: 18/18 MP: 1/1
    34 | D:1      | Found Uklinut's Magic Scroll Boutique.
   120 | D:1      | You fall into a shaft and drop 1 floor!
   222 | D:2      | Discovered your monstrous ancestry.
   222 | D:2      | Gained mutation: You have a pair of small antennae on your
                  | head. [demonic ancestry]
   222 | D:2      | Reached XP level 2. HP: 24/24 MP: 2/2
   854 | D:2      | Gained mutation: You regenerate a little health from kills.
                  | [demonic ancestry]
   854 | D:2      | Reached XP level 3. HP: 25/29 MP: 3/3
  1719 | D:3      | Noticed a phantom
  1734 | D:3      | Killed a phantom
  1735 | D:3      | Gained mutation: You have a small tail. [demonic ancestry]
  1735 | D:3      | Reached XP level 4. HP: 7/35 MP: 4/4
  1737 | D:3      | Identified the +1 helmet of the Slug {rElec rF+}
  2070 | D:3      | Gained mutation: Your touch may inflict minor irresistible
                  | damage on your foes. [demonic ancestry]
  2070 | D:3      | Reached XP level 5. HP: 34/41 MP: 5/5
  2264 | D:3      | Noticed Sigmund
  2273 | D:3      | Killed Sigmund
  2274 | D:3      | Reached skill level 1 in Dodging
  2274 | D:3      | Gained mutation: You have a pair of antennae on your head.
                  | [demonic ancestry]
  2274 | D:3      | Reached XP level 6. HP: 4/48 MP: 6/6
  2814 | D:3      | Found an ornate altar of the Wu Jian Council.
  3184 | D:3      | Identified a scroll of acquirement
  3185 | D:3      | Acquired the +1 chain mail "Pyf Atoho" {rC+ Stlth+}
  3511 | D:4      | Noticed a water moccasin
  3527 | D:4      | Killed a water moccasin
  3878 | D:4      | Found a staircase to the Ecumenical Temple.
  3893 | Temple   | Entered the Ecumenical Temple
  4157 | Temple   | Became a worshipper of Hepliaklqana the Forgotten
  4332 | D:4      | Gained mutation: You have a tail ending in a sharp stinger.
                  | [demonic ancestry]
  4332 | D:4      | Reached XP level 7. HP: 10/54 MP: 7/7
  4890 | D:4      | Found Guhoigec's Goods Gallery.
  4898 | D:4      | Bought a +0 pair of gloves for 49 gold pieces
  5022 | D:5      | Entered Level 5 of the Dungeon
  5164 | D:5      | Slain by an ogre

Illustrated notes

Levels and vault maps discovered:
D:1:      reono_arrival_forest_river, layout_basic, serial_shops,
          nicolae_shop_bloodbath_and_beyond, shop,
          hellmonk_ecumenical_altar_heavens_door
D:2:      minmay_chambers_of_ones, layout_basic
D:3:      kennysheep_the_goblin_king, layout_loops_cross,
          nicolae_wu_jian_immortal_techniques, uniq_sigmund
D:4:      layout_basic, minmay_temple_entry_large_hall, nicolae_alphabet_shops
D:5:      layout_loops_ring, grunt_temple_overflow_holy_war, kennysheep_mini,
          lemuel_crystal_altar
Temple:   jpeg_temple_island

Skill      XL: |  1  2  3  4  5  6 |
---------------+-------------------+-----
Armour         | 3 4 |  4.8
Long Blades    | 2 3 4 |  4.7
Shields        | 3 |  3.6
Dodging        | 1 |  1.4
Fighting       | 4 |  4.1
Stealth        | |  0.4

Action                   |  1- 3 |  4- 6 |  7- 9 || total
-------------------------+-------+-------+-------++-------
Melee: Long sword        |   110 |   159 |    33 ||   302
       Tailslap          |       |    13 |     4 ||    17
  Use: Potion            |     4 |     1 |     4 ||     9
       Scroll            |     2 |     2 |     4 ||     8
Armor: Scale mail        |    52 |    37 |       ||    89
       Chain mail        |       |    59 |    23 ||    82
Dodge: Dodged            |    52 |    63 |    20 ||   135
Block: Buckler           |    24 |    24 |     6 ||    54

Table legend: (Time is in decaauts)
 A = Elapsed time spent in this place.
 B = Non-inter-level travel time spent in this place.
 C = Inter-level travel time spent in this place.
 D = Time resting spent in this place.
 E = Time spent auto-exploring this place.
 F = Levels seen in this place.
 G = Mean time per level.
                   A        B        C        D        E       F      G
               +--------+--------+--------+--------+--------+-----+--------+
         Total |   5304 |   5066 |    238 |      1 |   4352 |   6 |  884.0 |
       Dungeon |   4976 |   4796 |    180 |      1 |   4107 |   5 |  995.2 |
        Temple |    328 |    270 |     58 |      0 |    245 |   1 |  328.0 |
               +--------+--------+--------+--------+--------+-----+--------+

Top non-repeatable levels by time:
     D:3: 1752 daAuts
     D:2: 1551 daAuts
     D:4: 1400 daAuts
  Temple: 328 daAuts
     D:5: 146 daAuts
     D:1: 124 daAuts
